 Dungeon Crawl Stone Soup version 0.29.1-13-g9f3cf754e1 (webtiles) character file.

Game seed: 8537538286662964887

25 Vulpanium the Trooper (level 3, -5/29 HPs)
             Began as a Human Monk on Jan 22, 2023.
             Slain by a worm (7 damage)
             ... on level 2 of the Dungeon.
             The game lasted 00:03:33 (986 turns).

Vulpanium the Trooper (Human Monk)                   Turns: 986, Time: 00:03:34

Health: -5/29      AC:  3    Str: 13    XL:     3   Next: 17%
Magic:  3/3        EV: 18    Int: 10    God:
Gold:   8          SH:  0    Dex: 21    Spells: 2/2 levels left

rFire   . . .      SeeInvis .   l - +0 dagger
rCold   . . .      Faith    .   (no shield)
rNeg    . . .      Spirit   .   b - +0 robe
rPois   .          Reflect  .   (no helmet)
rElec   .          Harm     .   d - +0 cloak
rCorr   .          Rampage  .   (no gloves)
Will    .....                   (no boots)
Stlth   ++........              (no amulet)
HPRegen 0.09/turn               j - +6 ring of dexterity
MPRegen 0.08/turn               m - +4 ring of evasion

@: no status effects
A: no striking features
a: no special abilities


You were on level 2 of the Dungeon.
You visited 1 branch of the dungeon, and saw 2 of its levels.

You collected 8 gold pieces.

Inventory:

Hand Weapons
 a - a +0 spear
 l - a +0 dagger (weapon)
Armour
 b - a +0 robe (worn)
 d - a +0 cloak (worn)
Jewellery
 j - a +6 ring of dexterity (left hand)
 m - a +4 ring of evasion (right hand)
Scrolls
 g - a scroll of brand weapon {unknown}
 k - 2 scrolls of enchant weapon {unknown}
Potions
 c - a potion of ambrosia
 f - a potion of haste {unknown}
 h - a potion of berserk rage {unknown}
 i - a potion of experience {unknown}


   Skills:
 + Level 3.3 Fighting
 * Level 0.3 Short Blades
 - Level 3.2 Polearms
 * Level 1.0 Armour
 + Level 3.2 Dodging
 + Level 2.0 Stealth


You had 2 spell levels left.
You didn't know any spells.
Your spell library contained the following spells:

 Spells                   Type           Power      Damage    Failure   Level
 Summon Small Mammal      Summ           0%         N/A       36%         1
 Sublimation of Blood     Necr           0%         N/A       50%         2
 Petrify                  Tmut/Erth      0%         N/A       98%         4
 Irradiate                Conj/Tmut      0%         3d11      100%        5


Dungeon Overview and Level Annotations

Branches:
Dungeon (2/15)

Altars:


Message History

The kobold hits you but does no damage.
You hit the kobold but do no damage.
The kobold is severely wounded.
The kobold hits you but does no damage.
You hit the kobold but do no damage.
The kobold is severely wounded.
The kobold hits you with a +0 whip.
You completely miss the kobold.
The kobold is severely wounded.
The kobold misses you.
You hit the kobold but do no damage.
The kobold is severely wounded.
The kobold misses you.
You closely miss the kobold.
The kobold is severely wounded.
The kobold barely misses you.
You hit the kobold.
You kill the kobold!
Your Armour skill increases to level 1!
The worm bites you!
Things that are here:
a +0 whip; 3 stones You hit the worm.
The worm is lightly wounded.
The worm closely misses you.
You hit the worm.
The worm is moderately wounded.
You hit the worm.
The worm is moderately wounded.
The worm completely misses you.
You hit the worm but do no damage.
The worm is moderately wounded.
You hit the worm.
The worm is moderately wounded.
The worm bites you!
* * * LOW HITPOINT WARNING * * *
It was a potion of mutation.
You feel extremely strange.
You begin to heal more quickly.
Your rate of healing slows.
The worm bites you!
You die...

....#. #.....
#<...# #.$..#+##
#........
#........
...#####........
#....w@........
##...##<##....
..... #........
.#.. ...##....
#. .#... .. #
#.#.... # ..##..
..# ... ... #...


You could see a worm.

Vanquished Creatures
  A dart slug (D:1)
  3 endoplasms (D:1)
  A giant cockroach (D:1)
  A goblin (D:1)
  A hobgoblin (D:1)
  3 jackals (D:1)
  A kobold (D:2)
  A quokka (D:1)
  3 bats (D:1)
  4 frilled lizards (D:1)
  A rat (D:1)
20 creatures vanquished.

Vanquished Creatures (others)
  2 plants (D:1)
2 creatures vanquished.

Grand Total: 22 creatures vanquished

Notes
Turn   | Place    | Note
-------+----------+-------------------------------------------
     0 | D:1      | Vulpanium the Human Monk began the quest for the Orb.
     0 | D:1      | Reached XP level 1. HP: 18/18 MP: 1/1
   260 | D:1      | Reached XP level 2. HP: 16/24 MP: 2/2
   790 | D:1      | Reached XP level 3. HP: 29/29 MP: 3/3
   847 | D:1      | Found a faded altar of an unknown god.
   851 | D:1      | Got Plato's Collected Works on Generation
   980 | D:2      | Reached skill level 1 in Armour
   986 | D:2      | Gained mutation: Your natural rate of healing is unusually
                  | fast. [potion of mutation]
   986 | D:2      | Lost mutation: Your natural rate of healing is unusually
                  | fast. [potion of mutation]
   986 | D:2      | Slain by a worm

Illustrated notes

Levels and vault maps discovered:
D:1:      dpeg_arrival_connections, layout_rooms,
          shapermc_ecumenical_altar_rom_forum, nicolae_hexahallways
D:2:      layout_basic, uniq_sigmund

Skill      XL: |  1  2  3 |
---------------+----------+-----
Armour         | 1 |  1.0
Fighting       | |  3.3
Short Blades   | |  0.3
Polearms       | |  3.2
Dodging        | |  3.2
Stealth        | |  2.0

Action                   || total
-------------------------++-------
Melee: Spear             ||    40
       Dagger            ||    44
       Punch             ||     1
  Use: Potion            ||     1
 Stab: Sleeping          ||     5
Armor: Robe              ||    24
Dodge: Dodged            ||    45
